AoeStats
← hK | RanDoM

Arena

510001603Analyzed
4v4 RM · 4d ago on Sep 29, 2026· 34m 19s· 8 players
Game mode
Random Map
Map size
Large (8 player)
Population
200
Speed
Normal
Resources
Standard
Victory
Conquest
Starting age
Dark Age
Ending age
Imperial Age
RankedLock teamsTeams togetherTeam positionsShared explorationLock speedFull tech treeHidden civsTurbo modeCheats
Victory
Defeat
🇲🇽 Muisca · Mexico
1712
+7
🇲🇽 Italians · Mexico
1705
+7
🇨🇴 Cumans · Colombia
1618
+9
🇲🇽 Poles · Mexico
1048
+116
🇨🇦 Persians · Canada
1518
-15
🇩🇴 Malay · Dominican Republic
1491
-14
🇧🇷 Vietnamese · Brazil
1443
-13
🇧🇷 Mongols · Brazil
1373
-10
Persian Assassin
10:48 Feudal Age
14:19 Castle Age
12:20 Double-Bit Axe
12:46 Horse Collar
22:39 Wheelbarrow
22:46 Bow Saw
23:26 Gold Mining
23:37 Stone Mining
23:57 Heavy Plow
25:03 Loom
25:37 Hand Cart
31:06 Imperial Age
28:57 Scale Barding Armor
29:03 Forging
29:07 Bloodlines
28:58 Husbandry
30:01 Bloodlines
29:51 Husbandry
31:24 Chain Barding Armor
31:40 Iron Casting
33:14 Masonry
32:42 Elite War Elephant
34:05 Conscription
RD | Telematico
11:37 Feudal Age
14:34 Castle Age
12:48 Double-Bit Axe
13:20 Horse Collar
20:41 Bow Saw
22:15 Wheelbarrow
22:33 Heavy Plow
22:24 Gold Mining
22:41 Loom
25:09 Gold Shaft Mining
24:48 Town Watch
29:39 Imperial Age
27:27 Hand Cart
28:49 Husbandry
29:38 Scale Barding Armor
29:32 Fletching
30:20 Forging
Mateus Viana
10:30 Feudal Age
14:53 Castle Age
12:50 Double-Bit Axe
12:59 Horse Collar
24:55 Loom
30:03 Imperial Age
28:49 Wheelbarrow
29:34 Bow Saw
29:17 Gold Mining
30:53 Hand Cart
31:54 Chemistry
30:48 Fletching
30:54 Town Watch
Mionel Lessi
5:49 Loom
11:24 Feudal Age
12:37 Horse Collar
12:45 Double-Bit Axe
16:41 Castle Age
15:03 Stone Mining
16:03 Gold Mining
17:46 Wheelbarrow
17:41 Bow Saw
18:06 Heavy Plow
19:48 Town Watch
25:05 Gold Shaft Mining
26:58 Hand Cart
28:16 Scale Barding Armor
28:21 Forging
28:23 Nomads
32:38 Imperial Age
30:46 Iron Casting
30:44 Chain Barding Armor
32:23 Bloodlines
32:13 Husbandry
hK | RanDoM
10:24 Feudal Age
14:12 Castle Age
12:06 Horse Collar
12:33 Double-Bit Axe
14:40 Wheelbarrow
15:07 Heavy Plow
20:11 Bow Saw
22:06 Gold Mining
22:54 Town Watch
22:56 Loom
23:29 Hand Cart
26:20 Imperial Age
25:35 Scale Barding Armor
25:41 Forging
26:16 Szlachta Privileges
26:49 Chain Barding Armor
26:54 Bloodlines
26:30 Cavalier
28:03 Crop Rotation
29:04 Coinage
28:58 Conscription
28:48 Husbandry
31:05 Iron Casting
32:16 Stone Mining
34:00 Blast Furnace
33:15 Light Cavalry
35:05 Lechitic Legacy
hK | Anubis
11:00 Feudal Age
12:03 Double-Bit Axe
14:55 Castle Age
12:42 Horse Collar
16:11 Bow Saw
16:00 Fletching
16:59 Loom
21:23 Town Watch
23:48 Wheelbarrow
23:59 Bodkin Arrow
29:41 Imperial Age
28:07 Ballistics
29:07 Heavy Plow
28:58 Gold Mining
30:25 Hand Cart
32:05 Bracer
hK | Agt. Smith
10:32 Feudal Age
14:11 Castle Age
14:15 Loom
15:39 Fletching
16:32 Bodkin Arrow
17:06 Double-Bit Axe
30:28 Imperial Age
28:32 Padded Archer Armor
31:21 Bracer
34:27 Conscription
35:05 Ballistics
hK | Monastery
6:49 Loom
8:42 Feudal Age
9:16 Double-Bit Axe
16:03 Wheelbarrow
19:28 Loom
19:37 Horse Collar
19:51 Gold Mining
22:32 Castle Age
21:22 Scale Barding Armor
22:45 Loom
22:39 Capped Ram
23:59 Hand Cart
24:17 Bow Saw
26:56 Imperial Age
26:11 Bloodlines
26:48 Gold Shaft Mining
26:25 Heavy Plow
27:12 Elite Steppe Lancer
28:26 Conscription
29:12 Chain Barding Armor
29:31 Steppe Husbandry
29:59 Forging
30:28 Plate Barding Armor
33:04 Forging
Connection lost

Rejoining the realm…

Still unreachable

The connection could not be restored.

Session expired

The server has moved on; the page needs a fresh start.